 Dungeon Crawl Stone Soup version 0.28.0-53-g5a82cb258f (webtiles) character file.

Game seed: 9842925840982745542

6095 pkoi the Destroyer (level 10, 0/73 HPs)
             Began as a Demigod Conjurer on May 26, 2022.
             Slain by an orc warrior
             ... wielding a +0 mace of protection
              (5 damage)
             ... on level 9 of the Dungeon.
             The game lasted 00:19:34 (19948 turns).

pkoi the Destroyer (Demigod Conjurer)              Turns: 19948, Time: 00:19:35

Health: 0/73       AC:  6    Str:  8    XL:     10   Next: 32%
Magic:  3/17       EV: 12    Int: 32    God:
Gold:   461        SH:  0    Dex: 12    Spells: 4/15 levels left

rFire   . . .      SeeInvis .   t - +7 lajatang of Order {silver, rMut}
rCold   . . .      Faith    .   (shield currently unavailable)
rNeg    + . .      Spirit   .   a - +1 robe
rPois   .          Reflect  .   q - +2 helmet
rElec   .          Harm     .   (no cloak)
rCorr   .          Rampage  .   (no gloves)
rMut    +                       (no boots)
Will    ++...                   (no amulet)
Stlth   ++........              e - ring of willpower
HPRegen 0.22/turn               b - ring of positive energy
MPRegen 0.15/turn

@: no status effects
A: high MP 1, forlorn, divine attributes
a: no special abilities


You were on level 9 of the Dungeon.
You visited 1 branch of the dungeon, and saw 9 of its levels.

You collected 461 gold pieces.

Inventory:

Hand Weapons
 n - a +1 dagger of venom
 t - the +7 lajatang of Order (weapon) {silver, rMut}
   (You acquired it on level 6 of the Dungeon)

   It inflicts extra damage upon those it strikes, and deals substantially
   increased damage to chaotic, mutated and magically transformed beings.
   rMut:      It protects you from mutation.
 y - a +3 spear of venom
Missiles
 z - a curare-tipped dart
Armour
 a - a +1 robe (worn)
 m - an orb of energy
 q - a +2 helmet (worn)
Jewellery
 b - a ring of positive energy (right hand)
 e - a ring of willpower (left hand)
Wands
 g - a wand of flame (26)
 o - a wand of iceblast (12)
Scrolls
 h - 5 scrolls of teleportation
 i - 3 scrolls of amnesia
 l - 3 scrolls of identify
 u - a scroll of fear
Potions
 c - 2 potions of lignification {unknown}
 d - 2 potions of heal wounds {unknown}
 f - 2 potions of degeneration {unknown}
 j - 2 potions of brilliance {unknown}
 p - 2 potions of curing {unknown}
 r - a potion of ambrosia
 v - a potion of mutation {unknown}
 w - 3 potions of flight {unknown}
Miscellaneous
 x - a condenser vane (inert)


   Skills:
 + Level 2.2 Fighting
 + Level 3.2 Staves
 + Level 2.5 Armour
 + Level 3.1 Dodging
 - Level 1.7 Stealth
 - Level 3.0 Spellcasting
 + Level 8.4 Conjurations
 + Level 6.0 Hexes
 - Level 6.0 Translocations
 + Level 6.5 Evocations


You had 4 spell levels left.
You knew the following spells:

 Your Spells              Type           Power      Damage    Failure   Level
a - Magic Dart            Conj           100%       1d8       1%          1
b - Searing Ray           Conj           100%       2d8       1%          2
c - Iskenderun's Mystic   Conj/Tloc      50%        2d11      3%          4
d - Fulminant Prism       Conj/Hex       25%        3d14      3%          4

Your spell library contained the following spells:

 Spells                   Type           Power      Damage    Failure   Level
 Dazzling Flash           Conj/Hex       100%       N/A       1%          3
 Mephitic Cloud           Conj/Pois/Air  22%        N/A       6%          3
 Call Imp                 Summ           4%         N/A       10%         2


Dungeon Overview and Level Annotations

Branches:
Dungeon (9/15)             Temple (0/1) D:4
   Lair: D:8-11         Orc: D:9-12

Shops:
D:1 :*(   D:2 [   D:4 =   D:6 [


Innate Abilities, Weirdness & Mutations

You have an increased reservoir of magic. (+10% MP)
You shall have no god before yourself.
Your divine heritage dramatically boosts your attributes as you level up.


Message History

The orc warrior is severely wounded.
Casting: Iskenderun's Mystic Blast (dangerous; 3% risk of failure)
Confirm with . or Enter, or press ? or * to list all spells.
Aiming: Fulminant Prism (dangerous; 3% risk of failure)
Press: ? - help, Dir - move target You conjure a prism of explosive energy!
A fulminant prism comes into view.
Your fulminant prism crackles loudly.
You barely miss the orc warrior.
The orc warrior is severely wounded.
The orc warrior hits you with a +0 mace of protection.
* * * LOW HITPOINT WARNING * * *
Your fulminant prism explodes!
The blast of energy engulfs the orc warrior!
The orc warrior is almost dead.
Unknown command.
You barely miss the orc warrior.
The orc warrior is almost dead.
The orc warrior hits you but does no damage.
Unknown command.
You hit the orc warrior but do no damage.
The orc warrior is almost dead.
The orc warrior barely misses you.
The orc warrior hits you but does no damage.
Unknown command.
You hit the orc warrior but do no damage.
The orc warrior is almost dead.
The orc warrior hits you with a +0 mace of protection!
* * * LOW HITPOINT WARNING * * *
Unknown command.
You closely miss the orc warrior.
The orc warrior is almost dead.
The orc warrior hits you with a +0 mace of protection!!
* * * LOW HITPOINT WARNING * * *
You barely miss the orc warrior.
The orc warrior is almost dead.
The orc warrior hits you with a +0 mace of protection!
* * * LOW HITPOINT WARNING * * *
The orc warrior hits you with a +0 mace of protection.
You die...

#......#
#..#..........#
##.#####
##.').........# #.
###.........<# #.
########'### .. #.##
## #..# ######
#########'##
.>....###..........#
......)@#..........#
...)..#o#......<...#
..... #.#..........#
.... #.'..........#
... ###...>......#
+# #..........#
############


You could see an orc warrior.

Vanquished Creatures
  A two-headed ogre (D:7)
  Psyche (D:8)
  Grinder (D:5)
  A hornet (D:8)
  A slime creature (D:7)
  A shadow (D:5)
  A wyvern (D:9)
  Eustachio (D:6)
  A steam dragon (D:9)
  An acid dragon (D:7)
  2 water moccasins (D:7)
  2 sky beasts
  5 orc warriors
  2 black bears (D:5)
  A necrophage (D:5)
  5 ogres
  4 centaurs
  A phantom (D:5)
  2 kobold brigands
  3 bullfrogs
  A gnoll sergeant (D:5)
  2 scorpions (D:5)
  A water moccasin skeleton (D:6)
  4 wights (D:8)
  2 howler monkeys
  5 bullfrog skeletons
  4 hounds
  5 orc priests
  2 jellies (D:6)
  4 gnoll shamans
  5 iguanas
  11 orc wizards
  A hound skeleton (D:4)
  12 gnolls
  2 howler monkey skeletons
  9 adders
  A shadow imp (D:6)
  6 dart slugs
  20 orcs
  4 endoplasms
  2 giant cockroaches
  12 goblins
  12 hobgoblins
  4 quokkas
  2 ball pythons
  A bat (D:2)
  3 frilled lizards (D:1)
  16 kobolds
  7 rats
  A bush (D:7)
198 creatures vanquished.

Vanquished Creatures (others)
  34 fulminant prisms
34 creatures vanquished.

Grand Total: 232 creatures vanquished

Notes
Turn   | Place    | Note
-------+----------+-------------------------------------------
     0 | D:1      | pkoi the Demigod Conjurer began the quest for the Orb.
     0 | D:1      | Reached XP level 1. HP: 14/14 MP: 5/5
   238 | D:1      | Found Dizaicho's Book Boutique.
   437 | D:1      | Found Dafikesk's Weapon Shop.
   730 | D:1      | Reached skill level 4 in Conjurations
   730 | D:1      | Reached XP level 2. HP: 20/20 MP: 5/7
   778 | D:1      | Found Behub's General Store.
  1033 | D:2      | Found Neechop's Armour Shop.
  1770 | D:2      | Reached XP level 3. HP: 12/26 MP: 0/9
  3101 | D:2      | Learned a level 2 spell: Searing Ray
  3547 | D:3      | Reached XP level 4. HP: 33/33 MP: 6/10
  3936 | D:4      | Reached skill level 5 in Conjurations
  3936 | D:4      | Reached skill level 1 in Evocations
  4234 | D:4      | Reached XP level 5. HP: 36/38 MP: 6/12
  4305 | D:4      | Learned a level 4 spell: Iskenderun's Mystic Blast
  4312 | D:4      | Found Pemoifuz's Jewellery Shoppe.
  4585 | D:4      | Found a staircase to the Ecumenical Temple.
  4680 | D:4      | Reached skill level 1 in Translocations
  5269 | D:4      | Reached XP level 6. HP: 45/45 MP: 8/13
  5409 | D:4      | Learned a level 4 spell: Fulminant Prism
  5678 | D:5      | Entered Level 5 of the Dungeon
  6078 | D:5      | Reached skill level 1 in Hexes
  6213 | D:5      | Reached XP level 7. HP: 50/50 MP: 7/14
  6769 | D:5      | Reached skill level 6 in Conjurations
  7266 | D:5      | Noticed Grinder
  7496 | D:5      | Paralysed by Grinder for 7 turns
  7510 | D:5      | Killed Grinder
  8334 | D:5      | Reached XP level 8. HP: 57/57 MP: 8/15
  9233 | D:5      | Reached skill level 7 in Conjurations
 10269 | D:5      | Reached skill level 5 in Evocations
 10758 | D:6      | Found Xovoenau's Armour Shop.
 10768 | D:6      | Noticed Eustachio
 11204 | D:6      | Killed Eustachio
 11299 | D:6      | Reached XP level 9. HP: 55/62 MP: 4/16
 11452 | D:6      | Reached skill level 5 in Translocations
 12986 | D:6      | Identified a scroll of acquirement
 12986 | D:6      | Acquired the +7 lajatang of Order {silver, rMut}
 12986 | D:6      | Found the +7 lajatang of Order {silver, rMut}
 14001 | D:5      | Reached skill level 5 in Hexes
 14177 | D:6      | Reached skill level 1 in Staves
 15933 | D:7      | Reached skill level 8 in Conjurations
 16591 | D:7      | Reached skill level 1 in Armour
 16721 | D:7      | Identified the +3 chain mail "Laemef" {Will++ Str+2}
 16844 | D:7      | Reached skill level 1 in Fighting
 17278 | D:8      | Noticed a two-headed ogre
 17725 | D:7      | Killed a two-headed ogre
 17726 | D:7      | Reached XP level 10. HP: 11/72 MP: 1/17
 18718 | D:8      | Noticed Psyche
 18729 | D:8      | Killed Psyche
 19948 | D:9      | Slain by an orc warrior

Illustrated notes

Levels and vault maps discovered:
D:1:      eino_arrival_tree_alley, layout_basic, serial_shops, shop_statue,
          nicolae_shop_statue_plus, nicolae_shop_trees, grunt_decor_mini_mirrors
D:2:      layout_loops_ring, serial_shops, shop
D:3:      cheibrodos_greedy_goblins, layout_rooms, lemuel_doored_altar,
          chequers_jeans
D:4:      layout_gridville, mainiacjoe_overflow_24_doors,
          minmay_temple_entry_glassed_door, minmay_misc_feat_rugged,
          minmay_shop_grid_forest, corexii_shack
D:5:      kennysheep_windowed_halls, layout_cave_pools, uniq_grinder
D:6:      layout_cave_pools, serial_shops, nicolae_stop_n_shop_1,
          minmay_misc_feat_diagonals, minmay_starry_boxes, uniq_eustachio
D:7:      layout_basic, kb_lookout_dungeons_type, minmay_microvault
D:8:      layout_basic, uniq_psyche
D:9:      layout_roguey, dpeg_lair_monsters

Skill      XL: |  1  2  3  4  5  6  7  8  9 10 |
---------------+-------------------------------+-----
Spellcasting   | 2 3 |  3.0
Conjurations   | 4 5 6 7 8 |  8.4
Evocations     | 1 2 3 5 6 |  6.5
Translocations | 1 2 3 4 6 |  6.0
Hexes          | 1 3 4 5 6 |  6.0
Staves         | 2 3 |  3.2
Dodging        | 2 3 |  3.1
Armour         | 1 2 |  2.5
Fighting       | 1 2 |  2.2
Stealth        | |  1.7

Action                   |  1- 3 |  4- 6 |  7- 9 | 10-12 || total
-------------------------+-------+-------+-------+-------++-------
Melee: Whip              |    21 |       |       |       ||    21
       Punch             |     1 |       |       |       ||     1
       Spear             |       |       |    42 |       ||    42
       Lajatang          |       |       |    17 |    11 ||    28
 Cast: Magic Dart        |    85 |    82 |    59 |     7 ||   233
       Searing Ray       |       |     8 |    59 |       ||    67
       Iskenderun's Myst |       |       |    23 |    11 ||    34
       Fulminant Prism   |       |       |    21 |    13 ||    34
Evoke: Condenser vane    |       |       |     1 |       ||     1
  Use: Scroll            |       |       |     8 |     4 ||    12
Armor: Robe              |     5 |     7 |    52 |     7 ||    71
Dodge: Dodged            |    27 |    18 |   107 |     8 ||   160
